AoeStats
← KootH.

African Clearing

505552224Analyzed
4v4 RM · 22d ago on Sep 9, 2026· 30m 37s· 8 players
Game mode
Random Map
Map size
Large (8 player)
Population
200
Speed
Normal
Resources
Standard
Victory
Conquest
Starting age
Dark Age
Ending age
Imperial Age
RankedLock teamsTeams togetherTeam positionsShared explorationLock speedFull tech treeHidden civsTurbo modeCheats
Victory
Defeat
🇹🇼 Vietnamese · Taiwan
1497
+13
🇪🇸 Magyars · Spain
1466
+15
🇵🇪 Mongols · Peru
1424
+16
🇧🇷 Berbers · Brazil
1390
+18
🇨🇦 Maya · Canada
1502
-18
🇨🇴 Berbers · Colombia
1440
-16
🇲🇽 Portuguese · Mexico
1427
-15
🇭🇰 Turks · Hong Kong SAR China
1365
-13
Alt + F4 | UncleJack
8:54 Loom
11:05 Feudal Age
11:56 Double-Bit Axe
14:09 Fletching
24:56 Castle Age
25:13 Horse Collar
24:59 Crossbowman
28:35 Bodkin Arrow
29:43 Ballistics
HK El Primo
6:41 Loom
12:42 Feudal Age
16:14 Fletching
24:38 Castle Age
26:41 Double-Bit Axe
Hugh Jayniss
3:56 Loom
14:15 Feudal Age
15:11 Town Watch
19:56 Castle Age
30:00 Wheelbarrow
KootH.
4:01 Loom
11:49 Feudal Age
13:48 Double-Bit Axe
21:00 Fletching
25:05 Castle Age
25:42 Padded Archer Armor
Aspirante
12:11 Loom
13:57 Feudal Age
18:11 Castle Age
16:44 Stone Mining
16:44 Double-Bit Axe
19:13 Fletching
Manuel24
10:08 Loom
12:18 Feudal Age
17:22 Castle Age
18:06 Fletching
25:07 Padded Archer Armor
29:08 Gold Mining
Perseu
11:04 Loom
13:05 Feudal Age
17:11 Castle Age
16:35 Double-Bit Axe
17:09 Fletching
19:38 Bow Saw
19:26 Bodkin Arrow
21:14 Padded Archer Armor
27:39 Leather Archer Armor
28:22 Horse Collar
alumin
11:10 Loom
13:36 Feudal Age
15:08 Double-Bit Axe
17:21 Fletching
30:48 Wheelbarrow
Connection lost

Rejoining the realm…

Still unreachable

The connection could not be restored.

Session expired

The server has moved on; the page needs a fresh start.